 Dungeon Crawl Stone Soup version 0.27.1-34-g3ba077fa99 (webtiles) character file.

Game seed: 7791190504188888131

274 pkoi the Ruffian (level 6, -4/51 HPs)
             Began as a Draconian Monk on Jan 13, 2022.
             Slain by Sigmund (14 damage)
             ... on level 3 of the Dungeon.
             The game lasted 00:04:53 (3878 turns).

pkoi the Ruffian (Draconian Monk)                   Turns: 3878, Time: 00:04:53

Health: -4/51      AC:  6    Str: 17    XL:     6   Next: 3%
Magic:  5/5        EV: 12    Int: 12    God:
Gold:   170        SH:  0    Dex: 13    Spells: 5/5 levels left

rFire    . . .     SeeInvis .   n - +6 dagger "Watsogag" {antimagic, *Noise Will+++ Str+3}
rCold    . . .     Faith    .   (no shield)
rNeg     . . .     Spirit   .   (armour unavailable)
rPois    .         Reflect  .   (helmet restricted)
rElec    .         Harm     .   (no cloak)
rCorr    .         Rampage  .   (no gloves)
Will     +++..                  (no boots)
Stlth    ++........             (no amulet)
HPRegen  0.17/turn              j - ring of magical power
MPRegen  0.09/turn              (no ring)

@: no status effects
A: AC +6, unfitting armour, cold-blooded
a: no special abilities


You were on level 3 of the Dungeon.
You visited 1 branch of the dungeon, and saw 5 of its levels.

You collected 170 gold pieces.

Inventory:

Hand Weapons
 a - a +0 dagger
 n - the +6 dagger "Watsogag" (weapon) {antimagic, *Noise Will+++ Str+3}
   (You found it on level 4 of the Dungeon)

   It reduces the magical energy of the wielder, and disrupts the spells and
   magical abilities of those it strikes.
   Natural abilities and divine invocations are not affected.
   Str:       It affects your strength (+3).
   *Noise:    It may make noises in combat.
   Will:      It greatly increases your willpower.
Missiles
 h - 7 poisoned darts (quivered)
 m - 4 datura-tipped darts
Jewellery
 j - a ring of magical power (left hand)
Scrolls
 c - 8 scrolls of identify
 d - a scroll of noise {unknown}
 g - 2 scrolls of teleportation {unknown}
 i - a scroll of blinking {unknown}
 k - a scroll of fog {unknown}
Potions
 b - 2 potions of curing
 e - a potion of heal wounds
 f - a potion of ambrosia {unknown}
 l - a potion of brilliance {unknown}


   Skills:
 - Level 3.2 Fighting
 - Level 2.6 Dodging
 - Level 1.7 Stealth
 + Level 6.8 Unarmed Combat


You had 5 spell levels left.
You didn't know any spells.
Your spell library contained the following spells:

 Spells                   Type           Power      Damage    Failure   Level
 Sandblast                Erth           0%         2d4       32%         1
 Passwall                 Tmut/Erth      0%         N/A       45%         2
 Sublimation of Blood     Necr           0%         N/A       45%         2
 Wereblood                Tmut           0%         N/A       45%         2
 Frozen Ramparts          Ice            0%         1d2       69%         3
 Ice Form                 Ice/Tmut       0%         N/A       97%         4
 Summon Ice Beast         Ice/Summ       0%         N/A       97%         4
 Lee's Rapid Deconstruct  Erth           0%         3d5*      100%        5
 Summon Hydra             Summ           0%         N/A       100%        7


Dungeon Overview and Level Annotations

Branches:
Dungeon (5/15)
 Temple: D:4-7

Altars:
Trog

Annotations:
D:3 Purgy, Sigmund


Innate Abilities, Weirdness & Mutations

Your plain brown scales are hard. (AC +6)
You cannot fit into any form of body armour.
You are cold-blooded and may be slowed by cold attacks.


Message History

There is a stone staircase leading down here.
(D) Dungeon
Where to? (Enter - D:5, ? - help)
There is a stone staircase leading up here.
You climb upwards.
Level annotation: Purgy, Sigmund
There is a stone staircase leading down here.
(D) Dungeon
Where to? (Enter - D:3, ? - help)
There is a stone staircase leading up here.
You climb upwards.
There is a stone staircase leading down here.
There is a stone staircase leading down here.
You climb downwards.
Level annotation: Purgy, Sigmund Sigmund barely misses you.
There is a stone staircase leading up here.
You feel stronger.
You feel magic leave you.
n - the +6 dagger "Watsogag" (weapon)
{antimagic, *Noise Will+++ Str+3} Sigmund casts a spell.
Sigmund flickers and vanishes!
Deactivating autopickup; reactivate with Ctrl-A.
Something hits you!
You hit something but do no damage. You miss something.
Your punch misses something. Something barely misses you.
You hit something.
You hear some strange, mumbled words.
A magic dart appears from out of thin air!
The magic dart hits you.
You barely miss something.
Your tail-slap misses something.
Something hits you.
You hit something. You hit something. Something hits you!
You miss something.
Your tail-slap misses something.
Something hits you!
* * * LOW HITPOINT WARNING * * *
You barely miss something. You miss something. Something hits you!
* * * LOW HITPOINT WARNING * * *
Something hits you!
You die...

######
#.@..#
####{#
#.#
#.#
#.#
#.#
#.#
#.#
#.#


There were no monsters in sight!

Vanquished Creatures
  2 howler monkeys (D:4)
  An orc priest (D:2)
  A jelly (D:4)
  Jessica (D:1)
  A gnoll (D:2)
  An adder skeleton (D:4)
  4 worms
  A dart slug (D:2)
  3 orcs (D:1)
  5 ball pythons
  7 endoplasms
  3 giant cockroaches
  9 goblins
  10 hobgoblins
  6 jackals
  9 kobolds
  3 quokkas
  7 bats
  4 frilled lizards
  A jackal skeleton (D:4)
  3 rats
82 creatures vanquished.

Notes
Turn   | Place    | Note
-------+----------+-------------------------------------------
     0 | D:1      | pkoi the Draconian Monk began the quest for the Orb.
     0 | D:1      | Reached XP level 1. HP: 19/19 MP: 1/1
   101 | D:1      | Reached XP level 2. HP: 24/26 MP: 2/2
   255 | D:1      | Reached skill level 4 in Unarmed Combat
   547 | D:1      | Reached XP level 3. HP: 31/31 MP: 3/3
   672 | D:1      | Found a faded altar of an unknown god.
   919 | D:2      | Noticed Jessica
   935 | D:2      | HP: 1/31 [Jessica/nerve-wracking pain (14)]
   949 | D:1      | Killed Jessica
  1051 | D:2      | Reached XP level 4. HP: 38/38 MP: 4/4
  1062 | D:2      | Reached skill level 5 in Unarmed Combat
  1979 | D:2      | Reached XP level 5. HP: 30/45 MP: 5/5
  2291 | D:3      | Found a bloodstained altar of Trog.
  2496 | D:3      | Noticed Purgy
  2732 | D:3      | Noticed Sigmund
  2871 | D:4      | Reached skill level 6 in Unarmed Combat
  2955 | D:4      | HP: 1/45 [acid (9)]
  3535 | D:4      | Reached XP level 6. HP: 43/51 MP: 6/6
  3770 | D:4      | Identified the +6 dagger "Watsogag" {antimagic, *Noise
                  | Will+++ Str+3}
  3788 | D:5      | Entered Level 5 of the Dungeon
  3878 | D:3      | Slain by Sigmund

Illustrated notes

Levels and vault maps discovered:
D:1:      wander_arrival_peaceful_grave, layout_rooms,
          shapermc_ecumenical_altar_venn, minmay_tromino_i4
D:2:      layout_rooms, minmay_vboxes, uniq_jessica
D:3:      layout_basic, lemuel_round_altar, nicolae_sif_muna_condensation,
          lightli_corner_chamber, uniq_sigmund, uniq_purgy
D:4:      layout_rooms
D:5:      layout_basic, mainiacjoe_overflow_swirl,
          minmay_temple_entry_gardened_gates, serial_curves, eino_curves_02,
          eino_curves_04

Skill      XL: |  1  2  3  4  5 |
---------------+----------------+-----
Unarmed Combat | 4 5 6 |  6.8
Fighting       | |  3.2
Dodging        | |  2.6
Stealth        | |  1.7

Action                   |  1- 3 |  4- 6 || total
-------------------------+-------+-------++-------
Melee: Unarmed           |   108 |   164 ||   272
       Tailslap          |    15 |    23 ||    38
       Punch             |     1 |     3 ||     4
       Dagger            |       |     9 ||     9
  Use: Potion            |     1 |     5 ||     6
       Scroll            |       |     2 ||     2
 Stab: Sleeping          |     2 |     2 ||     4
Armor: Skin              |    39 |    44 ||    83
Dodge: Dodged            |    77 |    95 ||   172
